Map: Arctic Dream LE

Players

ecruos

  • Race: Terran Terran
  • League: Platinum
  • Spawn Location: 5:00

Swatyo

  • Race: Protoss Protoss
  • League: Diamond
  • Spawn Location: 6:00

Massa

  • Race: Terran Terran
  • League: Gold
  • Spawn Location: 12:00

qqq

  • Race: Zerg Zerg
  • League: Platinum
  • Spawn Location: 11:00

VOD

Have the link to the VOD?

Description

Time

  • Played on: May 20, 2020, 2:05 p.m.
  • Length: 8:31
Show
View Real Time Build Order
Export as new Build Order

ecruos Terran 

Build Orders: 2 Factory, Liberator Opening, Mech 

Get SALT Encoding   

  12  0:01  SCV  
  13  0:14  SCV  
  14  0:26  SCV  
  15  0:28  Supply Depot  
  15  0:44  Refinery  
  15  0:50  SCV  
  15  0:54  Barracks  
  16  1:02  SCV  
  17  1:14  SCV  
  18  1:20  Supply Depot  
  18  1:26  SCV  
  19  1:38  SCV  
  20  1:40  Refinery  
  20  1:41  Marine  
  21  1:47  Factory  
  21  1:50  SCV  
  21  2:03  SCV  
  21  2:05  Marine  
  23  2:15  SCV  
  24  2:27  SCV  
  25  2:30  Factory Tech Lab  
  25  2:33  Starport  
  25  2:34  Marine  
  26  2:39  SCV  
  27  2:45  Supply Depot  
  27  2:49  Siege Tank  
  30  2:51  Orbital Command  
  30  3:08  Factory  
  30  3:22  Supply Depot  
  30  3:29  Liberator  
  30  3:33  SCV  
  34  3:34  Marine  
  34  3:36  Hellion  
  37  3:54  Factory Tech Lab  
  37  4:02  Marine  
  37  4:05  Hellion  
  40  4:15  Medivac  
  42  4:20  Marine  
  43  4:29  Hellion x2  
  45  4:38  Marine  
  45  4:48  Liberator  
  47  5:02  Marine, Supply Depot  
  47  5:03  Command Center  
  47  5:04  Hellion  
  47  5:15  Supply Depot  
  47  5:18  Siege Tank  
  50  5:25  Siege Tank  
  51  5:29  Marine  
  54  6:04  Cyclone x2  
  45  6:27  Liberator  
  45  6:31  Supply Depot  
  48  6:35  Factory  
  48  6:36  Widow Mine, Orbital Command  
  48  6:38  Refinery, SCV  
  51  6:50  SCV  
  52  6:57  Siege Tank  
  55  7:02  SCV  
  55  7:05  SCV  
  57  7:14  SCV  
  58  7:17  SCV  
  59  7:24  Factory Tech Lab  
  59  7:25  Starport  
  59  7:27  Starport Tech Lab, SCV  
  59  7:29  SCV  
  61  7:34  Engineering Bay  
  61  7:37  Refinery  
  61  7:39  SCV  
  61  7:40  Supply Depot  
  61  7:41  SCV  
  63  7:51  SCV  
  64  7:52  Fusion Core  
  64  7:54  SCV  
  65  8:00  Hellion x2  
  65  8:01  Hellion  
  65  8:03  SCV, Starport Tech Lab  
  72  8:06  SCV  
  73  8:15  SCV  
  73  8:18  SCV  
Show
View Real Time Build Order
Export as new Build Order

Swatyo Protoss 

Build Orders:  

Get SALT Encoding   

  12  0:18  Probe  
  13  0:24  Pylon  
  13  0:30  Probe  
  14  0:50  Probe  
  15  0:57  Gateway  
  15  1:02  Pylon  
  15  1:03  Assimilator  
  15  1:05  Probe (Chrono Boost)  
  16  1:17  Probe (Chrono Boost)  
  17  1:22  Probe (Chrono Boost)  
  18  1:32  Probe (Chrono Boost)  
  19  1:43  Probe (Chrono Boost)  
  20  1:48  Probe (Chrono Boost)  
  20  1:53  Cybernetics Core  
  21  1:58  Probe  
  22  2:01  Nexus  
  22  2:10  Probe  
  22  2:13  Assimilator  
  23  2:22  Probe  
  23  2:30  Warp Gate  
  23  2:34  Probe, Zealot  
  26  2:37  Shield Battery  
  26  2:47  Gateway  
  26  2:51  Probe  
  26  3:03  Probe  
  27  3:09  Sentry  
  29  3:13  Pylon  
  29  3:15  Probe  
  30  3:27  Probe  
  30  3:29  Stargate  
  30  3:34  Adept (Chrono Boost)  
  33  3:36  Shield Battery  
  33  3:40  Sentry (Chrono Boost)  
  35  3:57  Pylon  
  35  4:01  Adept (Chrono Boost)  
  37  4:03  Pylon  
  37  4:08  Adept (Chrono Boost)  
  37  4:23  Pylon  
  39  4:24  Sentry  
  36  4:35  Oracle (Chrono Boost)  
  33  4:55  Adept  
  33  4:58  Probe x2  
  37  5:14  Adept  
  39  5:21  Probe x2  
  39  5:24  Sentry  
  43  5:35  Adept  
  41  5:48  Adept  
  43  5:56  Sentry  
  40  6:05  Probe  
  40  6:06  Pylon  
  41  6:17  Shield Battery, Adept  
  43  6:18  Probe  
  43  6:21  Shield Battery x2, Forge  
  43  6:23  Pylon  
  44  6:26  Gateway  
  44  6:28  Gateway  
  44  6:29  Probe  
  44  6:30  Probe  
  46  6:41  Shield Battery  
  46  6:44  Phoenix (Chrono Boost)  
  46  6:45  Pylon  
  48  6:47  Probe  
  48  6:48  Probe  
  50  6:58  Twilight Council  
  50  6:59  Probe  
  50  7:00  Probe  
  52  7:03  Pylon  
  52  7:10  Photon Cannon  
  52  7:12  Probe x2  
  54  7:22  Robotics Facility  
  54  7:24  Probe x2  
  54  7:27  Assimilator  
  54  7:29  Assimilator  
  56  7:40  Dark Shrine  
  56  7:42  Probe x2  
  58  7:53  Gateway  
  58  7:55  Probe  
  59  8:11  Pylon  
Show
View Real Time Build Order
Export as new Build Order

Massa Terran 

Build Orders:  

Get SALT Encoding   

  12  0:11  Supply Depot  
  12  0:13  SCV  
  13  0:25  SCV  
  14  0:34  Barracks  
  14  0:37  SCV  
  15  0:49  SCV  
  16  1:01  SCV  
  17  1:13  SCV  
  18  1:18  Barracks  
  18  1:19  Refinery  
  18  1:26  SCV, Marine  
  20  1:38  SCV  
  21  1:43  Marine  
  22  1:47  Barracks  
  22  1:50  SCV  
  23  2:22  Supply Depot  
  23  2:26  Barracks  
  23  2:43  SCV, Marine x3  
  23  2:44  Supply Depot  
  26  3:01  Marine x3  
  26  3:03  Barracks  
  29  3:12  Supply Depot  
  29  3:14  Marine  
  29  3:18  Marine x2  
  29  3:19  Marine  
  33  3:32  Marine  
  34  3:36  Marine x3  
  37  3:50  Marine  
  37  3:53  Marine  
  37  3:54  Marine x3  
  42  4:07  Marine  
  43  4:11  Marine  
  43  4:12  Marine x3  
  47  4:37  Supply Depot  
  47  4:39  Marine  
  47  4:59  Marine x5  
  52  5:00  Supply Depot  
  52  5:16  Marine x3  
  55  5:22  Marine x2  
  55  5:23  Supply Depot  
  57  5:34  Marine x3  
  54  5:41  Marine x2  
  54  5:46  Command Center  
  48  5:52  Marine x3  
  44  5:59  Marine x2  
  38  6:10  Marine x3  
  39  6:17  Marine x2  
  41  6:26  SCV  
  41  6:28  Marine x3  
  45  6:35  Marine x2, Supply Depot  
  45  6:39  SCV  
  48  6:45  Marine x3  
  51  6:51  SCV  
  52  7:03  SCV  
  52  7:05  Factory  
  53  7:19  SCV x2  
  55  7:25  Barracks Tech Lab  
  55  7:26  Barracks Reactor  
  55  7:27  Barracks Reactor  
  55  7:28  Barracks Reactor  
  55  7:29  Barracks Tech Lab  
  55  7:31  SCV  
  55  7:34  Orbital Command  
  56  7:43  SCV  
  57  7:50  Factory Tech Lab  
  57  7:52  Factory  
  57  7:56  SCV  
  58  7:58  Engineering Bay  
  58  8:02  Armory  
  58  8:07  SCV  
  59  8:19  SCV  
  63  8:30  Refinery  
Show
View Real Time Build Order
Export as new Build Order

qqq Zerg 

Build Orders: Hatch First 

Get SALT Encoding   

  12  0:04  Drone  
  13  0:08  Drone  
  14  0:35  Hatchery  
  13  0:53  Spawning Pool  
  12  0:57  Overlord  
  12  1:02  Drone  
  13  1:09  Drone  
  14  1:15  Extractor, Drone  
  14  1:27  Drone  
  15  1:41  Zergling x2  
  15  1:45  Queen  
  18  1:47  Queen  
  18  1:50  Drone  
  21  1:54  Drone  
  21  2:00  Drone  
  23  2:06  Zergling x2  
  24  2:09  Zergling x2  
  24  2:10  Zergling x2  
  26  2:17  Zergling x2  
  26  2:22  Zergling x2  
  28  2:32  Overlord  
  28  2:33  Overlord  
  28  2:38  Metabolic Boost  
  28  2:50  Zergling x4  
  30  2:51  Zergling x2  
  30  2:57  Zergling x2  
  30  2:58  Zergling x2  
  33  3:01  Zergling x2  
  33  3:03  Drone  
  35  3:06  Zergling x2  
  35  3:10  Drone  
  37  3:14  Zergling x2  
  37  3:19  Drone  
  39  3:20  Zergling x2  
  39  3:23  Zergling x2  
  39  3:26  Zergling x2  
  42  3:32  Overlord  
  42  3:38  Zergling x2  
  43  3:42  Zergling x2  
  44  3:50  Overlord x2  
  44  3:58  Zergling x6  
  40  4:19  Zergling x10  
  40  4:20  Zergling x4  
  40  4:21  Zergling x2  
  44  4:37  Zergling x2  
  44  4:38  Zergling x6  
  38  5:00  Zergling x4  
  40  5:17  Zergling x2  
  40  5:18  Zergling x8  
  40  5:19  Zergling x10  
  40  5:20  Zergling x2  
  51  5:21  Pneumatized Carapace  
  41  5:43  Zergling x2  
  41  5:44  Zergling x2  
  41  5:45  Zergling x4  
  41  5:58  Zergling x2  
  41  5:59  Zergling x10  
  41  6:00  Zergling x4  
  48  6:06  Roach Warren  
  43  6:22  Zergling x2  
  43  6:23  Zergling x6  
  41  6:36  Zergling x2  
  42  6:43  Drone  
  43  6:52  Hatchery  
  43  6:53  Spore Crawler  
  41  6:54  Spore Crawler  
  41  6:55  Spore Crawler  
  41  6:58  Drone x2  
  41  6:59  Drone  
  42  7:28  Drone x4  
  42  7:29  Drone x4  
  51  7:30  Drone  
  51  7:35  Overlord  
  51  7:52  Evolution Chamber  
  51  7:55  Extractor  
  51  7:57  Drone, Overlord  
  50  7:58  Drone  
  50  8:00  Drone  
  50  8:03  Drone  
  50  8:04  Drone  
  54  8:06  Drone  
  57  8:22  Spore Crawler  
Tags
 
Add a new tag
Caveats
  • Supply blocks, unpowered buildings, or Contaminate may cause inaccurate times.
  • Supply counts are checked every 10 seconds.